AoeStats
← kewlvary

Arena

503839781Analyzed
2v2 RM · 1mo ago on Sep 2, 2026· 35m 10s· 4 players
Game mode
Random Map
Map size
Medium (4 player)
Population
200
Speed
Normal
Resources
Standard
Victory
Conquest
Starting age
Dark Age
Ending age
Imperial Age
RankedLock teamsTeams togetherTeam positionsShared explorationLock speedFull tech treeHidden civsTurbo modeCheats
Victory
Defeat
🇦🇷 Britons · Argentina
857
+16
🇹🇼 Slavs · Taiwan
852
+16
🇮🇳 Dravidians · India
877
-48
🇨🇳 Italians · China
825
-15
zzy320286
11:10 Feudal Age
15:19 Castle Age
13:39 Double-Bit Axe
13:56 Horse Collar
16:02 Man-at-Arms
17:22 Bow Saw
17:14 Heavy Plow
18:09 Long Swordsman
19:36 Squires
20:24 Forging
20:48 Arson
22:45 Iron Casting
24:09 Gambesons
27:09 Scale Mail Armor
28:33 Chain Mail Armor
29:21 Wheelbarrow
28:31 Loom
30:44 Hand Cart
34:05 Stone Mining
34:05 Gold Mining
micky970815
9:50 Feudal Age
17:54 Castle Age
16:36 Double-Bit Axe
17:47 Horse Collar
30:11 Wheelbarrow
29:49 Bow Saw
29:43 Heavy Plow
36:56 Imperial Age
34:46 Hand Cart
35:11 Forging
35:07 Scale Barding Armor
好歌剧
kewlvary
6:41 Loom
16:36 Feudal Age
17:03 Horse Collar
19:23 Wheelbarrow
21:43 Town Watch
22:12 Man-at-Arms
26:42 Gold Mining
26:42 Stone Mining
26:45 Double-Bit Axe
Connection lost

Rejoining the realm…

Still unreachable

The connection could not be restored.

Session expired

The server has moved on; the page needs a fresh start.